 Dungeon Crawl Stone Soup version 0.27-a0-61-g21144fbd99 (webtiles) character file.

Game seed: 5538633029012533542

258 robertstho the Skirmisher (level 5, -9/48 HPs)
             Began as a Minotaur Monk on Jan 8, 2021.
             Mangled by Sigmund
             ... wielding a +0 scythe
              (18 damage)
             ... on level 5 of the Dungeon.
             The game lasted 00:02:04 (2987 turns).

robertstho the Skirmisher (Minotaur Monk)           Turns: 2987, Time: 00:02:04

Health: -9/48      AC:  4    Str: 17    XL:     5   Next: 94%
Magic:  4/4        EV: 13    Int:  7    God:
Gold:   120        SH:  3    Dex: 12    Spells: 4/4 levels left

rFire    . . .     SeeInvis .   a - +0 hand axe
rCold    . . .     Faith    .   e - +0 buckler
rNeg     . . .     Spirit   .   b - +0 robe
rPois    .         Reflect  .   (helmet restricted)
rElec    .         Harm     .   (no cloak)
rCorr    .         Rampage  .   (no gloves)
Will     .....                  d - +1 pair of boots
Stlth    ++........             (no amulet)
HPRegen  0.16/turn              (no ring)
MPRegen  0.09/turn              (no ring)

@: no status effects
A: retaliatory headbutt, horns 2
a: no special abilities


You were on level 5 of the Dungeon.
You visited 1 branch of the dungeon, and saw 5 of its levels.

You collected 120 gold pieces.

Inventory:

Hand Weapons
 a - a +0 hand axe (weapon)
Missiles
 l - 29 stones (quivered)
 m - 41 sling bullets
 n - 62 arrows
 o - 15 poisoned darts
Armour
 b - a +0 robe (worn)
 d - a +1 pair of boots (worn)
 e - a +0 buckler (worn)
Scrolls
 c - 4 scrolls of immolation {unknown}
 g - a scroll of enchant armour {unknown}
 i - 3 scrolls of remove curse {unknown}
 j - 2 scrolls of identify {unknown}
 k - a scroll of magic mapping {unknown}
 p - a scroll of fear {unknown}
 q - a scroll of teleportation {unknown}
 r - a scroll of amnesia {unknown}
Potions
 f - a potion of degeneration {unknown}
 h - a potion of curing


   Skills:
 * Level 5.4 Fighting
 + Level 5.1 Axes
 * Level 2.5 Armour
 + Level 4.4 Dodging
 - Level 1.5 Stealth
 + Level 1.0 Shields


You had 4 spell levels left.
You didn't know any spells.
Your spell library was empty.

Dungeon Overview and Level Annotations

Branches:
Dungeon (4/15)
 Temple: D:4-7

Altars:
Fedhas

Annotations:
D:5 Sigmund


Innate Abilities, Weirdness & Mutations

You reflexively headbutt those who attack you in melee.
You have a pair of horns on your head.


Message History

You are too injured to fight recklessly!
You are too injured to fight recklessly!
You are too injured to fight recklessly!
You are too injured to fight recklessly!
You are too injured to fight recklessly!
You are too injured to fight recklessly!
You are too injured to fight recklessly!
You are too injured to fight recklessly!
Unknown command.
It was a potion of curing.
You feel better.
The howler monkey hoots and howls with incredible vigour!
You hear a shout! x2
You hit something. Something hits you!
You barely miss something. You headbutt something. Something hits you!
* * * LOW HITPOINT WARNING * * *
An orc wizard comes into view. It is wielding a +0 dagger.
You closely miss something.
The orc wizard casts a cantrip, but nothing happens.
Something hits you!!
You die...

## #. #### #. ..# #. #.#
#####.
####o#####.########.....
#...oo{@............###.
#o##h#####.##...##### #.
#.#.....# ## ..##...##
######.## #.# #.# #+# ##


You could see a howler monkey (catching breath), an orc wizard and 3 orcs.

Vanquished Creatures
  A phantom (D:5)
  A centaur skeleton (D:4)
  2 iguanas (D:5)
  3 adders
  2 oozes (D:3)
  A dart slug (D:3)
  4 leopard geckos
  8 hobgoblins
  4 jackals
  5 kobolds
  2 quokkas
  3 bats
  4 frilled lizards
  7 goblins
  8 rats
55 creatures vanquished.

Notes
Turn   | Place    | Note
-------+----------+-------------------------------------------
     0 | D:1      | robertstho the Minotaur Monk began the quest for the Orb.
     0 | D:1      | Reached XP level 1. HP: 19/19 MP: 0/0
   438 | D:1      | Reached XP level 2. HP: 27/27 MP: 1/1
  1095 | D:2      | Reached XP level 3. HP: 19/34 MP: 2/2
  1428 | D:2      | Reached skill level 1 in Armour
  1690 | D:3      | Found a faded altar of an unknown god.
  1815 | D:3      | Reached XP level 4. HP: 41/41 MP: 3/3
  2174 | D:3      | Found a blossoming altar of Fedhas.
  2531 | D:4      | Reached skill level 5 in Fighting
  2740 | D:4      | You fall into a shaft and drop 1 floor!
  2740 | D:5      | Entered Level 5 of the Dungeon
  2748 | D:5      | Reached XP level 5. HP: 39/48 MP: 4/4
  2888 | D:5      | Noticed a phantom
  2899 | D:5      | Killed a phantom
  2900 | D:5      | Reached skill level 5 in Axes
  2900 | D:5      | Reached skill level 1 in Shields
  2976 | D:5      | Noticed Sigmund
  2987 | D:5      | Mangled by Sigmund

Illustrated notes

Levels and vault maps discovered:
D:1:      dpeg_arrival_arbitrary_b, layout_basic
D:2:      layout_basic
D:3:      layout_basic, fedhas_ov_isle_minmay, chequers_ecumenical_altar_simple
D:4:      layout_loops_ring, grunt_temple_overflow_open, portal_sewer_entry_f
D:5:      layout_loops_corners, nicolae_overflow_hidden_temple,
          saegor_snake_ambush, uniq_sigmund

Skill      XL: |  1  2  3  4  5 |
---------------+----------------+-----
Fighting       | 4 5 |  5.4
Armour         | 1 2 |  2.5
Axes           | 4 5 |  5.1
Dodging        | 4 |  4.4
Shields        | 1 |  1.0
Stealth        | |  1.5

Action                   |  1- 3 |  4- 6 || total
-------------------------+-------+-------++-------
Melee: Hand axe          |   100 |    41 ||   141
       Headbutt          |    13 |     6 ||    19
  Use: Potion            |       |     1 ||     1
 Stab: Sleeping          |     5 |     6 ||    11
Armor: Robe              |    21 |     6 ||    27
Dodge: Dodged            |    48 |    19 ||    67
Block: Buckler           |     8 |     1 ||     9

Table legend: (Time is in decaauts)
 A = Elapsed time spent in this place.
 B = Non-inter-level travel time spent in this place.
 C = Inter-level travel time spent in this place.
 D = Time resting spent in this place.
 E = Time spent auto-exploring this place.
 F = Levels seen in this place.
 G = Mean time per level.
                   A        B        C        D        E       F      G
               +--------+--------+--------+--------+--------+-----+--------+
         Total |   3003 |   2859 |    144 |      0 |   2510 |   5 |  600.6 |
       Dungeon |   3003 |   2859 |    144 |      0 |   2510 |   5 |  600.6 |
               +--------+--------+--------+--------+--------+-----+--------+

Top non-repeatable levels by time:
     D:1: 907 daAuts
     D:3: 829 daAuts
     D:2: 780 daAuts
     D:5: 248 daAuts
     D:4: 238 daAuts
